 Dungeon Sprint DCSS version 0.31-a0-496-g6f97920a28 (webtiles) character file.

Game seed: 3836316389238263600

7646 Midn8 the Brawler (level 10, 0/115 HPs)
             Began as a Troll Fighter on Aug 8, 2023.
             Was a Priest of Uskayaw.
             Slain by a sphinx (4 damage)
             ... summoned by Kirke
             ... while paralysed by a sphinx
             ... in the Dungeon (Sprint II: "The Violet Keep of Menkaure").
             The game lasted 00:04:47 (795 turns).

Midn8 the Brawler (Troll Fighter)                    Turns: 795, Time: 00:04:47

Health: 0/115      AC:  0    Str: 26    XL:     10   Next: 99%
Magic:  16/16      EV:  3    Int:  4    God:    Uskayaw [***...]
Gold:   1462       SH:  0    Dex: 13    Spells: 9/9 levels left

rFire   . .          .
                       - Unarmed
rCold   . . .        b - melded +0 kite shield
rNeg    . . .        a - melded +0 robe
rPois   .            (helmet currently unavailable)
rElec   .            (cloak currently unavailable)
rCorr   .            (gloves unavailable)
SInv    .            (boots unavailable)
Will    .....        (no amulet)
Stlth   +            r - melded +4 ring of slaying
HPRegen 1.19/turn    s - melded +5 ring of evasion
MPRegen 0.15/turn

%: no teleportation
@: paralysed, pig-form, unable to read, very quick
A: fast, no casting, small, unfitting armour, (claws 3), regeneration 1, (shaggy
fur 1), (tough skin 1), deterioration 1, low MP 1, inability to read after
injury 1
a: Renounce Religion, Stomp, Line Pass


You were in the Dungeon.
You worshipped Uskayaw.
Uskayaw was pleased with you.
You were a filthy swine.
You visited 1 branch You collected 1462 gold pieces.

Inventory:

Missiles
 j - 6 javelins
 k - 5 boomerangs
 o - a throwing net
 w - 5 poisoned darts
Armour
 a - a +0 robe (melded)
 b - a +0 kite shield (melded)
Jewellery
 p - a ring of protection from cold
 r - a +4 ring of slaying (melded)
 s - a +5 ring of evasion (melded)
Talismans
 q - a beast talisman
Scrolls
 i - 2 scrolls of blinking
 l - a scroll of butterflies
 t - a scroll of fog
Potions
 c - 2 potions of lignification
 d - 5 potions of curing
 e - 3 potions of heal wounds
 f - a potion of haste
 g - 5 potions of magic
 h - a potion of berserk rage
 m - 7 potions of enlightenment
 u - 3 potions of resistance
 v - a potion of ambrosia {unknown}


   Skills:
 - Level 11.8 Fighting
 - Level 2.4 Dodging
 + Level 4.2 Shields
 - Level 18.7 Unarmed Combat
 - Level 12.0 Invocations


You had 9 spell levels left.
You didn't know any spells.
Your spell library contained the following spells:

 Spells                   Type           Power      Damage    Failure   Level
 Slow                     Hex            0%         N/A       50%         1
 Confusing Touch          Hex            0%         N/A       86%         3
 Vampiric Draining        Necr           0%         2d6       86%         3
 Conjure Ball Lightning   Conj/Air       0%         3x3d6     100%        6
 Discord                  Hex            0%         N/A       100%        8
 Disjunction              Tloc           0%         N/A       100%        8


Dungeon Overview and Level Annotations

Branches:
Dungeon (1/1)

Altars:
Cheibriados
Dithmenos
Elyvilon
Fedhas
Gozag
Hepliaklqana
Kikubaaqudgha
Makhleb
Nemelex Xobeh
Okawaru
Qazlal
Ru
Sif Muna
Trog
Uskayaw
Vehumet
Wu Jian
Xom
Yredelemnul
Zin
The Shining One
Jiyva
Lugonu

Shops:
D =[![?[(

Annotations:
D Kirke, Roxanne


Innate Abilities, Weirdness & Mutations

You are a filthy swine.
You move quickly.
Your equipment is almost entirely melded.
You are incapable of wielding weapons or throwing items.
You cannot cast spells.
You are too large for most types of armour.
((You have claws for hands.))
Your natural rate of healing is unusually fast.
((You are covered in fur. (AC +1)))
((You have tough skin. (AC +1)))
Your body sometimes deteriorates upon taking damage.
Your magical capacity is low. (-10% MP)
You occasionally lose the ability to read scrolls when taking damage.


Message History

You bite Kirke!
Kirke is heavily wounded.
Kirke hits you!
You hit Kirke.
Kirke is heavily wounded.
Kirke hits you!!
You hit Kirke.
Kirke is heavily wounded.
Kirke barely misses you.
You hit Kirke.
Kirke is severely wounded.
Kirke mumbles some strange words.
Kirke summons a sphinx!
You hit Kirke.
Kirke is severely wounded.
You hit Kirke.
Kirke is severely wounded.
The sphinx misses you. x2; The sphinx barely misses you.
Kirke hits you!!
You feel threatened and lose the ability to read scrolls!
You hit Kirke.
Kirke is severely wounded.
The sphinx mumbles some strange words.
You suddenly lose the ability to move!
Kirke hits you!
Uskayaw will force your foes to helplessly watch your dance.
Uskayaw prepares the audience for your solo!
Kirke is no longer paralysed.
The sphinx is no longer paralysed.
The sphinx hits you!
* * * LOW HITPOINT WARNING * * *
The sphinx hits you.
* * * LOW HITPOINT WARNING * * *
The sphinx hits you!
* * * LOW HITPOINT WARNING * * *
Kirke casts a spell.
Kirke summons a lindwurm!
The sphinx hits you!
* * * LOW HITPOINT WARNING * * *
The sphinx hits you.
* * * LOW HITPOINT WARNING * * *
The sphinx hits you.
You die...

##~~~.........#.)†...
....#~~~~.##'##..#..####
⌠...#~~~~##@#c##.####..†
.∩..#~~~~#..#..#....#..#
∩.∩.#~~####.#.####..####
.∩.∩#~##.###'###.##..#..
..∩.#~#..###@##...#..#..
...∩'~Hk##'.<.'##.'..###
....#~#h#.##.##.###....#
▓▓### ##@###'###.##..§.§
#### ####...# ##~~..§.
#..#..#~~~~~§~.
##.#.##~§~~§~~~
##+##~~§§§≈~§~
~~~~~§§§§§~ +++#~§≈§§≈§
##≈§≈###


You could see Kirke, a sphinx (summoned) and a lindwurm (summoned).

Vanquished Creatures
  A kraken (D)
  A crystal guardian (D)
  2 boulder beetles (D)
  2 death drakes (D)
  2 cane toads (D)
  A yaktaur (D)
  5 polar bears (D)
  A hornet (D)
  2 redbacks (D)
  4 neqoxecs (D)
  Menkaure (D)
  5 water moccasins (D)
  A swamp drake (D)
  4 necrophages (D)
  3 worms (D)
  4 tentacles (D)
39 creatures vanquished.

Vanquished Creatures (others)
  A swamp drake (D)
  6 tentacles (D)
7 creatures vanquished.

Grand Total: 46 creatures vanquished

Notes
Turn   | Place    | Note
-------+----------+-------------------------------------------
     0 | D        | Midn8 the Troll Fighter began the quest for the Orb.
     0 | D        | Reached XP level 1. HP: 22/22 MP: 0/0
     1 | D        | Noticed a necrophage
     1 | D        | Noticed a necrophage
     1 | D        | Noticed a necrophage
     1 | D        | Noticed a necrophage
     7 | D        | Killed a necrophage
     8 | D        | Reached skill level 6 in Unarmed Combat
     8 | D        | Reached XP level 2. HP: 26/33 MP: 1/1
     8 | D        | Reached XP level 3. HP: 32/40 MP: 2/2
    14 | D        | Killed a necrophage
    15 | D        | Reached skill level 5 in Fighting
    15 | D        | Reached skill level 8 in Unarmed Combat
    15 | D        | Reached XP level 4. HP: 40/50 MP: 3/3
    22 | D        | Killed a necrophage
    23 | D        | Reached skill level 9 in Unarmed Combat
    23 | D        | Reached XP level 5. HP: 51/59 MP: 4/4
    33 | D        | Reached skill level 10 in Unarmed Combat
    48 | D        | Noticed a neqoxec
    51 | D        | Noticed a neqoxec
    54 | D        | Gained mutation: Your body sometimes deteriorates upon
                  | taking damage. [a neqoxec]
    57 | D        | Killed a neqoxec
    57 | D        | Gained mutation: You occasionally lose the ability to read
                  | scrolls when taking damage. [a neqoxec]
    58 | D        | Reached skill level 11 in Unarmed Combat
    58 | D        | Reached XP level 6. HP: 60/71 MP: 5/5
    59 | D        | Killed a neqoxec
    60 | D        | Reached skill level 12 in Unarmed Combat
    60 | D        | Found Ixaes's Antique Armour Shoppe.
    60 | D        | Found Gikefree's Distillery.
    60 | D        | Found Vodwaurgh's Antique Armour Emporium.
    60 | D        | Found Fufasy's Antique Armour Shoppe.
    60 | D        | Noticed a neqoxec
    60 | D        | Gained mutation: Your magical capacity is low. (-10% MP) [a
                  | neqoxec]
    65 | D        | Killed a neqoxec
    66 | D        | Reached XP level 7. HP: 77/80 MP: 5/5
    66 | D        | Noticed a neqoxec
    68 | D        | Killed a neqoxec
    69 | D        | Reached skill level 13 in Unarmed Combat
    70 | D        | Found Duplem's Weapon Emporium.
    70 | D        | Found Nane's Magic Scroll Shoppe.
    70 | D        | Found Fyttuj's Jewellery Shoppe.
    81 | D        | Noticed a boulder beetle
    81 | D        | Noticed a boulder beetle
    88 | D        | Killed a boulder beetle
    89 | D        | Reached skill level 15 in Unarmed Combat
    89 | D        | Reached XP level 8. HP: 29/92 MP: 6/6
    92 | D        | Killed a boulder beetle
    93 | D        | Reached skill level 10 in Fighting
    93 | D        | Reached skill level 16 in Unarmed Combat
   199 | D        | Noticed Menkaure
   211 | D        | Killed Menkaure
   212 | D        | Reached XP level 9. HP: 102/102 MP: 7/7
   213 | D        | Found an iron altar of Okawaru.
   213 | D        | Found an opulent altar of Gozag.
   214 | D        | Found a sparkling altar of Nemelex Xobeh.
   214 | D        | Found a blossoming altar of Fedhas.
   215 | D        | Found a radiant altar of Vehumet.
   215 | D        | Found a burning altar of Makhleb.
   215 | D        | Found a white marble altar of Elyvilon.
   216 | D        | Found a hide-covered altar of Uskayaw.
   216 | D        | Found a corrupted altar of Lugonu.
   216 | D        | Found a shadowy altar of Dithmenos.
   217 | D        | Found a glowing silver altar of Zin.
   217 | D        | Found a bloodstained altar of Trog.
   217 | D        | Found an ancient bone altar of Kikubaaqudgha.
   218 | D        | Found a basalt altar of Yredelemnul.
   218 | D        | Found a shimmering blue altar of Sif Muna.
   218 | D        | Found a viscous altar of Jiyva.
   218 | D        | Found a snail-covered altar of Cheibriados.
   219 | D        | Found a shimmering altar of Xom.
   219 | D        | Found a sacrificial altar of Ru.
   220 | D        | Found a glowing golden altar of the Shining One.
   220 | D        | Found an ornate altar of the Wu Jian Council.
   220 | D        | Found a stormy altar of Qazlal.
   220 | D        | Found a hazy altar of Hepliaklqana.
   224 | D        | Became a worshipper of Uskayaw the Reveller
   236 | D        | Noticed a kraken
   239 | D        | Reached * piety under Uskayaw
   240 | D        | Reached skill level 1 in Invocations
   244 | D        | Reached ** piety under Uskayaw
   248 | D        | Reached *** piety under Uskayaw
   270 | D        | Noticed a yaktaur
   270 | D        | Noticed a polar bear
   270 | D        | Noticed a polar bear
   272 | D        | Killed a polar bear
   272 | D        | Noticed a polar bear
   273 | D        | Reached skill level 17 in Unarmed Combat
   274 | D        | Reached **** piety under Uskayaw
   275 | D        | Killed a polar bear
   279 | D        | Reached ***** piety under Uskayaw
   282 | D        | Killed a polar bear
   287 | D        | Killed a yaktaur
   287 | D        | Reached ****** piety under Uskayaw
   341 | D        | Killed a kraken
   342 | D        | Reached skill level 18 in Unarmed Combat
   342 | D        | Reached XP level 10. HP: 11/115 MP: 10/12
   552 | D        | Noticed a death drake
   553 | D        | Noticed a death drake
   557 | D        | Killed a death drake
   558 | D        | Noticed a crystal guardian
   560 | D        | Killed a death drake
   564 | D        | Killed a crystal guardian
   565 | D        | Reached skill level 10 in Invocations
   633 | D        | Noticed a cane toad
   633 | D        | Noticed a cane toad
   636 | D        | Killed a cane toad
   639 | D        | Killed a cane toad
   676 | D        | Noticed a deep elf master archer
   756 | D        | Noticed Roxanne
   759 | D        | Noticed Kirke
   759 | D        | Noticed a yaktaur captain
   759 | D        | Noticed a skeletal warrior
   790 | D        | Noticed a sphinx
   792 | D        | Paralysed by a sphinx for 3 turns
   795 | D        | Noticed a lindwurm
   795 | D        | HP: 4/115 [sphinx[Kirke] (3)]
   795 | D        | Slain by a sphinx

Illustrated notes

Levels and vault maps discovered:
D:        the_violet_keep_of_menkaure [sprint2_stairs_cluster_1,
          sprint2_shoproom, sprint2_temple, sprint2_basic_supplies,
          sprint2_obstacle_3, sprint2_obstacle_7, sprint2_obstacle_6,
          sprint2_obstacle_5, sprint2_obstacle_1, sprint2_timed_cluster_1,
          sprint2_smallroom_cluster_1, sprint2_smallroom_final_cluster_1,
          sprint2_transparent_cluster_1, sprint2_second_timed_cluster_1,
          sprint2_sniper_area_1, sprint2_heavy_combat_area_1,
          sprint2_mutation_trap_area_1, sprint2_forest_area_1,
          sprint2_light_combat_area_1, sprint2_behind_water_1,
          sprint2_near_end_vault_1]

Skill      XL: |  1  2  3  4  5  6  7  8  9 10 |
---------------+-------------------------------+-----
Fighting       | 4 5 7 8 9 10 11 | 11.8
Unarmed Combat | 6 8 9 11 12 15 16 18 | 18.7
Invocations    | 6 12 | 12.0
Shields        | 4 |  4.2
Dodging        | |  2.4

Action                     |  1- 3 |  4- 6 |  7- 9 | 10-12 || total
---------------------------+-------+-------+-------+-------++-------
  Melee: Unarmed           |    12 |    28 |    70 |    39 ||   149
    Use: Potion            |       |     1 |       |       ||     1
         Scroll            |       |       |       |     5 ||     5
   Stab: Paralysed         |       |       |     2 |     4 ||     6
 Armour: Robe              |     3 |       |    11 |     4 ||    18
  Dodge: Dodged            |     1 |     8 |    20 |    22 ||    51
  Block: Kite shield       |     1 |     8 |    22 |    14 ||    45

Table legend: (Time is in decaauts)
 A = Elapsed time spent in this place.
 B = Non-inter-level travel time spent in this place.
 C = Inter-level travel time spent in this place.
 D = Time resting spent in this place.
 E = Time spent auto-exploring this place.
 F = Levels seen in this place.
 G = Mean time per level.
                   A        B        C        D        E       F      G
               +--------+--------+--------+--------+--------+-----+--------+
         Total |    772 |    772 |      0 |    318 |      0 |   1 |  772.0 |
       Dungeon |    772 |    772 |      0 |    318 |      0 |   1 |  772.0 |
               +--------+--------+--------+--------+--------+-----+--------+

Top non-repeatable levels by time:
       D: 772 daAuts
